 Dungeon Crawl Stone Soup version 0.27-a0-1595-g0b823d0a13 (webtiles) character file.

Game seed: 6169241300206771753

85 flotson the Sneak (level 4, 0/35 HPs)
             Began as a Demonspawn Delver on July 21, 2021.
             Slain by a water moccasin skeleton (3 damage)
             ... on level 4 of the Dungeon.
             The game lasted 00:05:10 (3551 turns).

flotson the Sneak (Demonspawn Delver)               Turns: 3551, Time: 00:05:12

Health: 0/35       AC:  5    Str: 13    XL:     4   Next: 25%
Magic:  4/4        EV:  8    Int: 12    God:
Gold:   96         SH: 12    Dex: 14    Spells: 3/3 levels left

rFire    + . .     SeeInvis .   b - +0 dagger (freeze)
rCold    + . .     Faith    .   n - +0 kite shield
rNeg     . . .     Spirit   .   k - +0 ring mail
rPois    .         Reflect  +   (no helmet)
rElec    .         Harm     .   l - scarf {rC+ rF+}
rCorr    .         Rampage  .   (no gloves)
Will     .....                  (no boots)
Stlth    ++........             p - amulet of reflection
HPRegen  0.11/turn              (no ring)
MPRegen  0.09/turn              (no ring)

@: hasted, very quick
A: foul stench 1
a: no special abilities


You were on level 4 of the Dungeon.
You visited 1 branch of the dungeon, and saw 5 of its levels.

You collected 96 gold pieces.

Inventory:

Hand Weapons
 a - a +0 hand axe
 b - a +0 dagger of freezing (weapon)
Missiles
 q - a throwing net (quivered)
Armour
 k - a +0 ring mail (worn)
 l - a scarf of resistance (worn)
 n - a +0 kite shield (worn)
Jewellery
 p - an amulet of reflection (around neck)
Wands
 g - a wand of digging (3)
Scrolls
 c - 2 scrolls of fog
 d - a scroll of magic mapping
 e - a scroll of fear
 i - 4 scrolls of teleportation {unknown}
 j - 2 scrolls of amnesia {unknown}
 m - 2 scrolls of identify {unknown}
 s - a scroll of enchant armour {unknown}
Potions
 h - a potion of degeneration {unknown}
 o - a potion of curing {unknown}
 r - a potion of ambrosia {unknown}


   Skills:
 + Level 3.5 Fighting
 + Level 2.5 Axes
 + Level 1.3 Armour
 + Level 2.4 Dodging
 - Level 4.5 Stealth
 + Level 1.0 Shields


You had 3 spell levels left.
You didn't know any spells.
Your spell library was empty.

Dungeon Overview and Level Annotations

Branches:
Dungeon (5/15)
 Temple: D:4-7

Altars:
Kikubaaqudgha
Uskayaw
The Shining One


Innate Abilities, Weirdness & Mutations

You may rarely emit foul miasma when damaged in melee.


Message History

You barely miss the water moccasin skeleton.
The water moccasin skeleton is heavily damaged.
The water moccasin skeleton barely misses you.
The water moccasin skeleton bites you.
* * * LOW HITPOINT WARNING * * *
Unknown command.
You feel yourself speed up.
You block the water moccasin skeleton's attack.
You hit the water moccasin skeleton.
The water moccasin skeleton is severely damaged.
The water moccasin skeleton barely misses you.
You barely miss the water moccasin skeleton.
The water moccasin skeleton is severely damaged.
The water moccasin skeleton barely misses you.
You barely miss the water moccasin skeleton.
The water moccasin skeleton is severely damaged.
You block the water moccasin skeleton's attack.
You hit the water moccasin skeleton.
The water moccasin skeleton is severely damaged.
The water moccasin skeleton closely misses you.
You hit the water moccasin skeleton but do no damage.
The water moccasin skeleton is severely damaged.
The water moccasin skeleton closely misses you.
You barely miss the water moccasin skeleton.
The water moccasin skeleton is severely damaged.
You block the water moccasin skeleton's attack.
You closely miss the water moccasin skeleton.
The water moccasin skeleton is severely damaged.
The water moccasin skeleton barely misses you.
You hit the water moccasin skeleton but do no damage.
The water moccasin skeleton is severely damaged.
You block the water moccasin skeleton's attack.
You hit the water moccasin skeleton.
The water moccasin skeleton is severely damaged.
The water moccasin skeleton bites you.
* * * LOW HITPOINT WARNING * * *
You closely miss the water moccasin skeleton.
The water moccasin skeleton is severely damaged.
The water moccasin skeleton bites you.
You die...

.....##....#
***,,,,,*##..*,***
..........##
##########..##**
...##.##...###............##
....#####.###..#...........#
....# #....##..#........<..#
#..##*##.####............###
#....##...##..#......##....#
#*#........#..#...#.>....###
* #.#...........@Z###...##*
****##.....##...### ##....#
,,,,*#.....##..## #...##
,,,,,#....###...#** #####
,,,,..............*
,,,....####...##..# *,,.###*
#....,..# ,,,,,* ####.,###
,,,,** ****


You could see a water moccasin skeleton.

Vanquished Creatures
  2 adders
  A dart slug (D:2)
  2 orcs (D:3)
  6 endoplasms
  5 giant cockroaches
  6 goblins
  3 hobgoblins
  7 jackals
  A quokka (D:1)
  3 ball pythons
  7 bats
  5 frilled lizards
  6 kobolds
54 creatures vanquished.

Vanquished Creatures (others)
  A human (D:3)
1 creature vanquished.

Grand Total: 55 creatures vanquished

Notes
Turn   | Place    | Note
-------+----------+-------------------------------------------
     0 | D:5      | flotson the Demonspawn Delver began the quest for the Orb.
     0 | D:5      | Reached XP level 1. HP: 18/18 MP: 1/1
    25 | D:5      | Noticed a scorpion
    65 | D:4      | Noticed an iguana
   324 | D:1      | Gained mutation: You may rarely emit foul miasma when
                  | damaged in melee. [demonic ancestry]
   324 | D:1      | Reached XP level 2. HP: 11/24 MP: 2/2
  1086 | D:1      | Reached XP level 3. HP: 17/29 MP: 3/3
  1559 | D:2      | Reached skill level 1 in Armour
  2416 | D:3      | Found an ancient bone altar of Kikubaaqudgha.
  2416 | D:3      | Noticed a human
  2419 | D:3      | Killed a human
  2715 | D:3      | Noticed an ogre
  3014 | D:3      | Reached XP level 4. HP: 35/35 MP: 4/4
  3386 | D:4      | Reached skill level 1 in Shields
  3445 | D:4      | Found a hide-covered altar of Uskayaw.
  3551 | D:4      | Slain by a water moccasin skeleton

Illustrated notes

Levels and vault maps discovered:
D:1:      evilmike_arrival_hilbert_curve, layout_loops_ring
D:2:      layout_basic
D:3:      layout_loops_cross, mainiacjoe_overflow_boulevard, tgw_kikubaaqudgha
D:4:      layout_cave_pools, kennysheep_little_box, glass_columns_b,
          kennysheep_donut, chequers_serial_rivers_large_b
D:5:      black_bear_nest_1, layout_loops_ring, lemuel_round_altar,
          kennysheep_flooded_box

Skill      XL: |  1  2  3  4 |
---------------+-------------+-----
Axes           | 2 |  2.5
Dodging        | 2 |  2.4
Armour         | 1 |  1.3
Shields        | 1 |  1.0
Fighting       | |  3.5
Stealth        | |  4.5

Action                   |  1- 3 |  4- 6 || total
-------------------------+-------+-------++-------
Melee: Hand axe          |    14 |       ||    14
       Dagger            |   153 |    38 ||   191
Throw: Throwing net      |     2 |       ||     2
  Use: Scroll            |     1 |       ||     1
       Potion            |     1 |     1 ||     2
 Stab: Sleeping          |     9 |     1 ||    10
Armor: Ring mail         |    84 |     2 ||    86
Dodge: Dodged            |    55 |    11 ||    66
Block: Kite shield       |    61 |    21 ||    82

Table legend: (Time is in decaauts)
 A = Elapsed time spent in this place.
 B = Non-inter-level travel time spent in this place.
 C = Inter-level travel time spent in this place.
 D = Time resting spent in this place.
 E = Time spent auto-exploring this place.
 F = Levels seen in this place.
 G = Mean time per level.
                   A        B        C        D        E       F      G
               +--------+--------+--------+--------+--------+-----+--------+
         Total |   3606 |   3560 |     46 |    243 |   2762 |   5 |  721.2 |
       Dungeon |   3606 |   3560 |     46 |    243 |   2762 |   5 |  721.2 |
               +--------+--------+--------+--------+--------+-----+--------+

Top non-repeatable levels by time:
     D:1: 1262 daAuts
     D:2: 1024 daAuts
     D:3: 909 daAuts
     D:4: 344 daAuts
     D:5: 65 daAuts
